 Dungeon Crawl Stone Soup version 0.29-a0-541-gaf1fc19f1b (webtiles) character file.

Game seed: 10975583044528008369

132 testman the Insei (level 5, -3/45 HPs)
             Began as a Meteoran Transmuter on June 2, 2022.
             Was an Initiate of Qazlal.
             Slain by an ice beast (14 damage)
             ... on level 4 of the Dungeon.
             The game lasted 00:11:01 (1856 turns).

testman the Insei (Meteoran Transmuter)             Turns: 1856, Time: 00:11:02

Health: -3/45      AC:  5    Str: 17    XL:     5   Next: 66%
Magic:  10/10      EV: 12    Int: 17    God:    Qazlal [......]
Gold:   123        SH:  0    Dex: 14    Spells: 6/9 levels left

rFire   . . .      SeeInvis .     - Unarmed
rCold   . . .      Faith    .   (no shield)
rNeg    . . .      Spirit   .   a - +0 robe
rPois   .          Reflect  .   l - +2 hat {Will+}
rElec   .          Harm     .   (no cloak)
rCorr   .          Rampage  +   (no gloves)
Will    +....                   d - +0 pair of boots {rampage}
Stlth   +.........              (no amulet)
HPRegen 0.15/turn               f - +6 ring of strength
MPRegen 0.12/turn               (no ring)

@: glowing
A: sense surroundings 1, otherworldly, glowing, explore regen
a: Renounce Religion


You were on level 4 of the Dungeon.
You worshipped Qazlal.
Qazlal was noncommittal.
You visited 1 branch of the dungeon, and saw 5 of its levels.

You collected 123 gold pieces.

Inventory:

Missiles
 e - a throwing net
 g - 6 boomerangs
 i - 4 poisoned darts
Armour
 a - a +0 robe (worn)
 d - a +0 pair of boots of rampaging (worn)
 l - a +2 hat of willpower (worn)
Jewellery
 f - a +6 ring of strength (left hand)
Scrolls
 m - a scroll of identify
Potions
 b - a potion of lignification
 h - a potion of mutation
 k - a potion of brilliance


   Skills:
 + Level 3.1 Fighting
 - Level 2.4 Dodging
 + Level 4.9 Unarmed Combat
 - Level 2.6 Spellcasting
 + Level 3.7 Transmutations
 + Level 1.4 Invocations


You had 6 spell levels left.
You knew the following spells:

 Your Spells              Type           Power      Damage    Failure   Level
a - Beastly Appendage     Tmut           30%        N/A       3%          1
b - Wereblood             Tmut           15%        N/A       6%          2

Your spell library contained the following spells:

 Spells                   Type           Power      Damage    Failure   Level
 Spider Form              Tmut/Pois      8%         N/A       26%         3
 Ice Form                 Ice/Tmut       8%         N/A       63%         4


Dungeon Overview and Level Annotations

Branches:
Dungeon (5/15)
 Temple: D:4-7

Altars:
Ashenzari
Cheibriados
Fedhas
Kikubaaqudgha
Qazlal
Uskayaw
Vehumet
Wu Jian
Zin

Annotations:
D:5 Dowan


Innate Abilities, Weirdness & Mutations

You passively map a small area around you.
You are easily found by Zot.
You glow in the dark.
You regain HP and MP as you explore.


Message History

The ice beast freezes you.
* * * LOW HITPOINT WARNING * * *
As you read the scroll labelled QECIMIC YLAM, it crumbles to dust.
You hear a loud clanging noise!
It was a scroll of noise.
You hear a shout! x2; You hear an angry hiss. x2; You hear a zap.
Some rock shatters into small pieces.
The ice beast hits you but does no damage.
Casting: Beastly Appendage (safe; 3% risk of failure)
Confirm with . or Enter, or press ? or * to list all spells.
Okay, then.
You hit the ice beast.
The ice beast is severely wounded.
The ice beast hits you but does no damage.
You hit the ice beast.
You claw the ice beast, but do no damage.
The ice beast is severely wounded.
Dowan, Brother of Duvessa comes into view.
He is wielding a +0 vampiric dagger and carrying a wand of digging (4).
The ice beast barely misses you.
You hit the ice beast but do no damage. Your headbutt misses the ice beast.
The ice beast is severely wounded.
The ice beast hits you.
* * * LOW HITPOINT WARNING * * *
The ice beast freezes you.
* * * LOW HITPOINT WARNING * * *
Dowan zaps a wand.
Some rock shatters into small pieces.
The ice beast attacks as you move away! The ice beast closely misses you.
There is a stone staircase leading up here.
Your horns disappear.
Your talons disappear.
Your +2 hat of willpower unmelds from your body.
Your +0 pair of boots of rampaging unmelds from your body.
You feel strong-willed.
You feel ready to rampage towards enemies.
The ice beast hits you but does no damage.
You climb upwards.
There is a stone staircase leading down here.
You feel better. The ice beast hits you.
* * * LOW HITPOINT WARNING * * *
The ice beast freezes you!
You die...

#...#..#..........#.#.
,
#...#..#..........#.#.
,
#...'..#..........#.#.
#...#..##########'#.#
,#...#...............#
,,
#...#'###############
, #............ ,, ,
#.....Y...... , *
#....@....... , ,
############# ##### ,
, ..... ,, , , , ,
,..... ** , , ,..### ,
* ##### #.... , *
#.... , , #....


You could see an ice beast.

Vanquished Creatures
  A jelly (D:5)
  7 adders
  A worm (D:2)
  2 dart slugs (D:3)
  3 orcs (D:4)
  A ball python (D:3)
  An endoplasm (D:2)
  3 giant cockroaches
  2 goblins (D:3)
  3 hobgoblins
  2 kobolds
  A quokka (D:3)
  3 bats
  A frilled lizard (D:2)
  3 rats
34 creatures vanquished.

Notes
Turn   | Place    | Note
-------+----------+-------------------------------------------
     0 | D:1      | testman the Meteoran Transmuter began the quest for the
                  | Orb.
     0 | D:1      | Reached XP level 1. HP: 16/16 MP: 5/5
    40 | D:1      | Reached XP level 2. HP: 23/23 MP: 4/6
    57 | D:1      | You fall into a shaft and drop 1 floor!
    61 | D:2      | Reached skill level 4 in Unarmed Combat
   157 | D:2      | Learned a level 2 spell: Wereblood
   176 | D:2      | Reached XP level 3. HP: 26/29 MP: 8/8
   560 | D:2      | Reached XP level 4. HP: 32/37 MP: 7/9
   670 | D:3      | Found a blossoming altar of Fedhas.
   675 | D:3      | Found a hide-covered altar of Uskayaw.
   677 | D:3      | Found an ornate altar of the Wu Jian Council.
   677 | D:3      | Found a stormy altar of Qazlal.
   689 | D:3      | Found a snail-covered altar of Cheibriados.
   695 | D:3      | Became a worshipper of Qazlal Stormbringer
  1230 | D:4      | Found a glowing silver altar of Zin.
  1240 | D:4      | Reached XP level 5. HP: 42/44 MP: 10/10
  1251 | D:4      | Found a radiant altar of Vehumet.
  1251 | D:4      | Found an ancient bone altar of Kikubaaqudgha.
  1251 | D:4      | Found a broken altar of Ashenzari.
  1738 | D:4      | Reached skill level 1 in Invocations
  1830 | D:5      | Entered Level 5 of the Dungeon
  1838 | D:5      | Noticed an ice beast
  1850 | D:5      | Noticed Dowan
  1856 | D:4      | Slain by an ice beast

Illustrated notes

Levels and vault maps discovered:
D:1:      dpeg_arrival_prison, layout_rooms, minmay_tiny_reverse_x
D:2:      layout_loops_cross
D:3:      layout_rooms, nicolae_overflow_hallway_of_the_gods,
          nicolae_ecumenical_snake_handling, uniq_grinder
D:4:      layout_basic, minitemple, serial_shops, shop
D:5:      layout_basic, bh_walls_and_bars, uniq_edmund, uniq_duvessa, uniq_ijyb

Skill      XL: |  1  2  3  4  5 |
---------------+----------------+-----
Unarmed Combat | 4 |  4.9
Fighting       | 2 3 |  3.1
Transmutations | 3 |  3.7
Invocations    | 1 |  1.4
Dodging        | |  2.4
Spellcasting   | |  2.6

Action                   |  1- 3 |  4- 6 || total
-------------------------+-------+-------++-------
Melee: Unarmed           |    44 |    71 ||   115
       Kick              |     5 |    17 ||    22
       Headbutt          |     4 |     3 ||     7
       Punch             |     1 |     1 ||     2
 Cast: Beastly Appendage |     5 |    10 ||    15
       Wereblood         |       |     1 ||     1
  Use: Scroll            |       |     4 ||     4
       Potion            |       |     4 ||     4
Armor: Robe              |    11 |    18 ||    29
Dodge: Dodged            |    21 |    40 ||    61

Table legend: (Time is in decaauts)
 A = Elapsed time spent in this place.
 B = Non-inter-level travel time spent in this place.
 C = Inter-level travel time spent in this place.
 D = Time resting spent in this place.
 E = Time spent auto-exploring this place.
 F = Levels seen in this place.
 G = Mean time per level.
                   A        B        C        D        E       F      G
               +--------+--------+--------+--------+--------+-----+--------+
         Total |   1832 |   1808 |     24 |    136 |   1250 |   5 |  366.4 |
       Dungeon |   1832 |   1808 |     24 |    136 |   1250 |   5 |  366.4 |
               +--------+--------+--------+--------+--------+-----+--------+

Top non-repeatable levels by time:
     D:4: 990 daAuts
     D:2: 609 daAuts
     D:3: 152 daAuts
     D:1: 56 daAuts
     D:5: 23 daAuts
